 Dungeon Crawl Stone Soup version 0.31-a0-662-g684573625c (webtiles) character file.

Game seed: 8339051752515788300

55 pokeman the Magician (level 3, 0/20 HPs)
             Began as a Deep Elf Hedge Wizard on Sept 1, 2023.
             Slain by an adder (1 damage)
             ... on level 2 of the Dungeon.
             The game lasted 00:02:45 (1921 turns).

pokeman the Magician (Deep Elf Hedge Wizard)        Turns: 1921, Time: 00:02:46

Health: 0/20       AC:  3    Str:  7    XL:     3   Next: 67%
Magic:  0/11       EV: 12    Int: 26    God:
Gold:   55         SH:  0    Dex: 14    Spells: 4/12 levels left

rFire   . . .        a - +0 dagger
rCold   + . .        (no shield)
rNeg    . . .        b - +0 robe
rPois   .            c - +0 hat
rElec   .            (no cloak)
rCorr   .            f - +0 pair of gloves
SInv    .            (no boots)
Will    .....        (no amulet)
Stlth   ++           k - +6 ring of intelligence
HPRegen 0.23/turn    (no ring)
MPRegen 0.12/turn

%: clarity
@: mighty, lethally poisoned (0 -> -2)
A: talons 1, clarity, cold resistance 1, deterioration 1
a: no special abilities


You were on level 2 of the Dungeon.
You visited 1 branch of the dungeon, and saw 2 of its levels.

You collected 55 gold pieces.

Inventory:

Hand Weapons
 a - a +0 dagger (weapon)
Armour
 b - a +0 robe (worn)
 c - a +0 hat (worn)
 f - a +0 pair of gloves (worn)
Jewellery
 k - a +6 ring of intelligence (left hand)
Wands
 l - a wand of charming (9)
Scrolls
 g - 3 scrolls of identify {unknown}
 i - a scroll of fear {unknown}
 j - a scroll of poison {unknown}
 m - a scroll of enchant armour {unknown}
Potions
 d - a potion of magic


   Skills:
 - Level 1.0 Fighting
 - Level 1.0 Armour
 + Level 2.5 Dodging
 + Level 2.5 Stealth
 * Level 5.3 Spellcasting
 + Level 2.0 Conjurations
 - Level 1.1 Summonings
 - Level 1.1 Translocations


You had 4 spell levels left.
You knew the following spells:

 Your Spells              Type           Power      Damage    Failure   Level
a - Magic Dart            Conj           68%        1d6       3%          1
b - Mephitic Cloud        Conj/Pois/Air  10%        N/A       17%         3
c - Call Imp              Summ           24%        N/A       7%          2
d - Blink                 Tloc           24%        N/A       7%          2

Your spell library contained the following spells:

 Spells                   Type           Power      Damage    Failure   Level
 Slow                     Hex            24%        N/A       8%          1
 Cigotuvi's Dreadful Rot  Necr/Pois/Air  12%        N/A       11%         2
 Tukima's Dance           Hex            6%         N/A       22%         3
 Passage of Golubria      Tloc           12%        N/A       43%         4
 Yara's Violent Unravell  Hex/Tmut       3%         3d4       90%         5


Dungeon Overview and Level Annotations

Branches:
Dungeon (2/15)

Altars:

Annotations:
D:2 1 runed translucent door, Crazy Yiuf


Innate Abilities, Weirdness & Mutations

You have sharp toenails.
You possess an exceptional clarity of mind.
Your flesh is cold resistant. (rC+)
Your body sometimes deteriorates upon taking damage.


Message History

You hit the adder.
The adder is moderately wounded.
The adder closely misses you. The adder misses you.
You barely miss the adder.
The adder is moderately wounded.
The adder closely misses you.
You hit the adder but do no damage.
The adder is moderately wounded.
The adder barely misses you.
Unknown command.
You barely miss the adder.
The adder is moderately wounded.
The adder bites you.
* * * LOW HITPOINT WARNING * * *
You are lethally poisoned!
The adder poisons you!
Unknown command.
You hit the adder but do no damage.
The adder is moderately wounded.
* * * LOW HITPOINT WARNING * * *
You feel sick. The adder bites you.
* * * LOW HITPOINT WARNING * * *
The adder bites you but does no damage.
Unknown command.
Casting: Magic Dart (safe; 3% risk of failure)
Confirm with . or Enter, or press ? or * to list all spells.
A tiny devil pulls itself out of the air.
* * * LOW HITPOINT WARNING * * *
You feel sick. The adder barely misses you.
Unknown command.
It was a potion of mutation.
You feel extremely strange.
Your thoughts seem clearer.
You feel resistant to cold.
You feel yourself wasting away.
Your toenails lengthen and sharpen.
* * * LOW HITPOINT WARNING * * *
You feel sick. The adder barely misses you.
It was a potion of might.
You feel very mighty all of a sudden.
* * * LOW HITPOINT WARNING * * *
You feel sick. The adder bites you.
You die...

#....# ###....... #..#.#
#........# # #.##.##
#.####...# #.
#.##..###.# ##.... #.S
##..#......# #..#.# ..
##..).#.#######.##.#
#)##.#.#....# #...##..
#)S##S####.####.######
#####@# #...##.# #
.......5####.#....######
...................>....
......###....#..###..###
...... ####.%.#####.##
...... ###...#........##
..... ##...####.#####...
#...###..### #..## ####
#...########..#


You could see an adder (ally target) and a friendly cerulean imp (summoned).

Vanquished Creatures
  An adder (D:2)
  A dart slug (D:1)
  3 orcs (D:2)
  2 bats
  3 endoplasms (D:2)
  3 giant cockroaches
  4 goblins
  4 hobgoblins (D:2)
  4 jackals
  2 kobolds (D:1)
  2 quokkas
  2 ball pythons
  4 frilled lizards
  2 rats
37 creatures vanquished.

Notes
Turn   | Place    | Note
-------+----------+-------------------------------------------
     0 | D:1      | pokeman the Deep Elf Hedge Wizard began the quest for the
                  | Orb.
     0 | D:1      | Reached XP level 1. HP: 10/10 MP: 7/7
   430 | D:1      | Reached XP level 2. HP: 16/16 MP: 6/9
  1389 | D:2      | Reached skill level 5 in Spellcasting
  1539 | D:2      | Reached XP level 3. HP: 20/20 MP: 3/11
  1662 | D:2      | Reached skill level 1 in Fighting
  1667 | D:2      | Learned a level 3 spell: Mephitic Cloud
  1670 | D:2      | Learned a level 2 spell: Call Imp
  1673 | D:2      | Learned a level 2 spell: Blink
  1743 | D:2      | Found a runed translucent door.
  1744 | D:2      | Noticed Crazy Yiuf
  1772 | D:2      | Reached skill level 1 in Armour
  1920 | D:2      | Gained mutation: You possess an exceptional clarity of
                  | mind. [potion of mutation]
  1920 | D:2      | Gained mutation: Your flesh is cold resistant. (rC+)
                  | [potion of mutation]
  1920 | D:2      | Gained mutation: Your body sometimes deteriorates upon
                  | taking damage. [potion of mutation]
  1920 | D:2      | Gained mutation: You have sharp toenails. [potion of
                  | mutation]
  1920 | D:2      | HP: 1/20 [poisoned by an adder]
  1921 | D:2      | Slain by an adder

Illustrated notes

Levels and vault maps discovered:
D:1:      tekkud_arrival_beachfront_property, layout_basic
D:2:      layout_rooms, guppyfry_early_orc_mine, uniq_crazy_yiuf_cottage

Skill      XL: |  1  2  3 |
---------------+----------+-----
Spellcasting   | 5 |  5.3
Fighting       | 1 |  1.0
Armour         | 1 |  1.0
Conjurations   | 2 |  2.0
Dodging        | |  2.5
Stealth        | |  2.5
Summonings     | |  1.1
Translocations | |  1.1

Action                     || total
---------------------------++-------
  Melee: Dagger            ||    39
   Cast: Magic Dart        ||    92
         Call Imp          ||     1
    Use: Potion            ||     2
 Armour: Robe              ||    32
  Dodge: Dodged            ||    34

Table legend: (Time is in decaauts)
 A = Elapsed time spent in this place.
 B = Non-inter-level travel time spent in this place.
 C = Inter-level travel time spent in this place.
 D = Time resting spent in this place.
 E = Time spent auto-exploring this place.
 F = Levels seen in this place.
 G = Mean time per level.
                   A        B        C        D        E       F      G
               +--------+--------+--------+--------+--------+-----+--------+
         Total |   1922 |   1908 |     14 |      9 |   1663 |   2 |  961.0 |
       Dungeon |   1922 |   1908 |     14 |      9 |   1663 |   2 |  961.0 |
               +--------+--------+--------+--------+--------+-----+--------+

Top non-repeatable levels by time:
     D:1: 1204 daAuts
     D:2: 717 daAuts
